 Dungeon Crawl Stone Soup version 0.28.0-53-g5a82cb258f (webtiles) character file.

Game seed: 515821039383832665

60691 SolCadguy the Geomancer (level 15, -1/88 HPs)
             Began as a Gargoyle Earth Elementalist on July 4, 2022.
             Was a High Priest of Sif Muna.
             Shot with a bolt by an orc warlord (24 damage)
             ... on level 1 of the Orcish Mines.
             The game lasted 02:21:46 (30854 turns).

SolCadguy the Geomancer (GrEE)                     Turns: 30854, Time: 02:21:46

Health: -1/88      AC: 28    Str: 21    XL:     15   Next: 0%
Magic:  18/25      EV: 10    Int: 21    God:    Sif Muna [*****.]
Gold:   2592       SH:  4    Dex: 13    Spells: 3/28 levels left

rFire   + . .      SeeInvis +   C - staff of earth
rCold   + . .      Faith    .   K - +0 buckler
rNeg    + + .      Spirit   .   Z - +2 swamp dragon scales
rPois   ∞          Reflect  .   (no helmet)
rElec   +          Harm     .   n - scarf {rC+ rF+}
rCorr   .          Rampage  +   b - +0 pair of gloves of Eternal Vigilance {rN+}
Will    +....                   (no boots)
Stlth   +.........              U - amulet "Zelyerpheu" {RegenMP Rampage Str+7 Dex+3}
HPRegen 0.24/turn               E - +4 ring of protection
MPRegen 0.59/turn               D - ring of see invisible

@: brilliant, on blink cooldown, flying, very slightly contaminated
A: sickness immunity, AC +11, big wings, negative energy resistance 1,
electricity resistance, torment resistance 1, petrification resistance
a: Renounce Religion, Channel Magic, Forget Spell, Divine Exegesis


You were on level 1 of the Orcish Mines.
You worshipped Sif Muna.
Sif Muna was extremely pleased with you.
You visited 4 branches of the dungeon, and saw 20 of its levels.
You also visited: Sewer and Bailey.

You collected 2650 gold pieces.
You spent 58 gold pieces at shops.

Inventory:

Hand Weapons
 J - a +4 vampiric halberd
 T - the +8 spear "Miseom" {vorpal, Fragile Will+ Str+3}
   (You found it on level 9 of the Dungeon)

   It inflicts extra damage upon your enemies.
   Str:       It affects your strength (+3).
   Fragile:   It will be destroyed if unequipped.
   Will:      It increases your willpower.
Missiles
 m - 265 stones
 N - 14 poisoned darts (quivered)
Armour
 b - the +0 pair of gloves of Eternal Vigilance (worn) {rN+}
   (You found it on level 4 of the Lair of Beasts)

   rN:        It protects you from negative energy.
 n - a scarf of resistance (worn)
 v - a +2 cloak
 y - +0 acid dragon scales
 I - +0 pearl dragon scales
 K - a +0 buckler (worn)
 Z - +2 swamp dragon scales (worn)
Magical Staves
 C - a staff of earth (weapon)
Jewellery
 a - a ring of fire
 c - a ring of ice
 f - a ring of resist corrosion
 o - a +4 ring of protection
 p - a +4 ring of evasion
 t - a +4 ring of evasion
 D - a ring of see invisible (right hand)
 E - a +4 ring of protection (left hand)
 U - the amulet "Zelyerpheu" (around neck) {RegenMP Rampage Str+7 Dex+3}
   (You acquired it on level 2 of the Lair of Beasts)

   [amulet of magic regeneration]

   It increases your rate of magic regeneration.
   Str:       It affects your strength (+7).
   Dex:       It affects your dexterity (+3).
   Rampage:   It bestows one free step when moving towards enemies.
Wands
 e - a wand of polymorph (11)
 x - a wand of mindburst (13)
 P - a wand of iceblast (5)
 Y - a wand of flame (5)
Scrolls
 d - 4 scrolls of identify
 g - a scroll of holy word
 j - 2 scrolls of fear {unknown}
 k - 4 scrolls of enchant armour
 l - 3 scrolls of vulnerability
 q - a scroll of noise {unknown}
 s - a scroll of silence
 u - 7 scrolls of teleportation
 V - 2 scrolls of fog
Potions
 h - 4 potions of curing
 i - a potion of ambrosia
 r - 5 potions of cancellation
 w - 3 potions of attraction
 z - 2 potions of haste
 A - 2 potions of resistance
 B - 2 potions of brilliance
 H - 2 potions of mutation
 L - 3 potions of lignification
 R - a potion of might
 S - a potion of heal wounds
Miscellaneous
 X - a lightning rod (3/4)


   Skills:
 - Level 8.2 Fighting
 + Level 11.4 Staves
 - Level 10.0 Armour
 - Level 1.5 Dodging
 - Level 2.1 Stealth
 - Level 3.1 Shields
 - Level 7.0 Spellcasting
 - Level 6.0 Conjurations
 + Level 3.4 Necromancy
 - Level 3.4 Translocations
 - Level 2.0 Transmutations
 + Level 14.5 Earth Magic
 - Level 8.0 Invocations
 - Level 9.0 Evocations


You had 3 spell levels left.
You knew the following spells:

 Your Spells              Type           Power      Damage    Failure   Level
a - Sandblast             Erth           100%       2d20      1%          1
b - Passwall              Tmut/Erth      63%        N/A       1%          2
c - Stone Arrow           Conj/Erth      100%       3d13      1%          3
d - Petrify               Tmut/Erth      76%        N/A       6%          4
e - Animate Skeleton      Necr           64%        N/A       4%          1
f - Blink                 Tloc           66%        N/A       6%          2
g - Static Discharge      Conj/Air       30%        N/A       8%          2
h - Lee's Rapid Deconstr  Erth           50%        3d25*     1%          5
i - Borgnjor's Vile Clut  Necr/Erth      40%        N/A       12%         5

Your spell library contained the following spells:

 Spells                   Type           Power      Damage    Failure   Level
 Pain                     Necr           100%       1d9       4%          1
 Wereblood                Tmut           23%        N/A       12%         2
 Vampiric Draining        Necr           32%        2d8       13%         3
 Mephitic Cloud           Conj/Pois/Air  23%        N/A       22%         3
 Iskenderun's Mystic Bla  Conj/Tloc      41%        2d9       24%         4
 Irradiate                Conj/Tmut      18%        3d19      67%         5
 Ice Form                 Ice/Tmut       17%        N/A       75%         4
 Manifold Assault         Tloc           33%        N/A       75%         5
 Fireball                 Conj/Fire      15%        3d8       80%         5
 Lightning Bolt           Conj/Air       15%        1d29      80%         5
 Summon Lightning Spire   Summ/Air       11%        N/A       86%         4
 Alistair's Intoxication  Tmut/Pois      11%        N/A       97%         5
 Conjure Ball Lightning   Conj/Air       15%        3x3d6     100%        6
 Eringya's Noxious Bog    Tmut/Pois      8%         N/A       100%        6
 Starburst                Conj/Fire      15%        6d6       100%        6
 Storm Form               Tmut/Air       8%         N/A       100%        7
 Discord                  Hex            5%         N/A       100%        8
 Disjunction              Tloc           16%        N/A       100%        8
 Ignition                 Fire           5%         3d4       100%        8
 Lehudib's Crystal Spear  Conj/Erth      42%        10d10     100%        8
 Maxwell's Capacitive Co  Air            5%         ∞         100%        8
 Chain Lightning          Conj/Air       15%        3d20      100%        9
 Shatter                  Erth           50%        3d38*     100%        9


Dungeon Overview and Level Annotations

Branches:
Dungeon (11/15)            Temple (1/1) D:4            Lair (6/6) D:8
 Shoals (0/4) Lair:3       Spider (0/4) Lair:3        Slime (0/5) Lair:5
    Orc (2/2) D:11          Sewer (visited)          Bailey (visited)
    Elf: Orc:2

Altars:
Ashenzari
Cheibriados
Dithmenos
Elyvilon
Fedhas
Gozag
Hepliaklqana
Kikubaaqudgha
Makhleb
Nemelex Xobeh
Okawaru
Qazlal
Ru
Sif Muna
Trog
Uskayaw
Vehumet
Wu Jian
Xom
Yredelemnul
Zin
The Shining One
Beogh
Jiyva

Shops:
D:7 [

Annotations:
Lair:3 1 runed translucent door, Botribuof's ghost, journeyman GnFi
Lair:4 1 runed translucent door, DocClef's ghost, journeyman MiBe


Innate Abilities, Weirdness & Mutations

You are immune to sickness and miasma.
Your stone body is resilient. (AC +11)
You are immune to poison.
Your large and strong wings let you fly.
You resist negative energy. (rN+)
You are resistant to electric shocks. (rElec)
You are resistant to unholy torment.
You are immune to petrification.


Message History

Casting: Petrify (dangerous; 6% risk of failure)
Confirm with . or Enter, or press ? or * to list all spells.
Aiming: Lee's Rapid Deconstruction (dangerous; 1% risk of failure)
Press: ? - help, Dir - move target, p - orc warlord You can't see that place. [a rock wall.]
Okay, then.
The orc warlord shoots a bolt.
The bolt hits you!!
* * * LOW HITPOINT WARNING * * *
You feel much better.
The orc warlord shoots a bolt.
The bolt hits you but does no damage.
Casting: Lee's Rapid Deconstruction (dangerous; 1% risk of failure)
Confirm with . or Enter, or press ? or * to list all spells.
Aiming: Borgnjor's Vile Clutch (dangerous; 12% risk of failure)
Press: ? - help, Shift-Dir - straight line, f/p - orc warlord
Aim: an orc warlord, wielding a +0 arbalest, wearing a +0 plate armour of poison resistance and quivering bolts (100% to hit)
You feel a surge of power!
You miscast Borgnjor's Vile Clutch.
You are very lightly contaminated with residual magic.
You are blasted with sand.
The orc warlord shoots a bolt.
The bolt hits you!!
* * * LOW HITPOINT WARNING * * *
Casting: Borgnjor's Vile Clutch (dangerous; 12% risk of failure)
Confirm with . or Enter, or press ? or * to list all spells.
You blink.
Okay, then.
Okay, then.
Casting: Blink (safe; 6% risk of failure)
Confirm with . or Enter, or press ? or * to list all spells.
You are still too unstable to blink.
You feel much better.
The orc warlord shoots a bolt.
The bolt hits you!!
* * * LOW HITPOINT WARNING * * *
Aiming: Polymorph
Press: ? - help, Shift-Dir - straight line, f/p - orc warlord
Aim: an orc warlord, wielding a +0 arbalest, wearing a +0 plate armour of poison resistance and quivering bolts (will become a death yak, a quicksilver ooze, or a green draconian, chance to affect: 34%)
The orc warlord looks momentarily different.
The orc warlord shoots a bolt.
The bolt hits you but does no damage.
Okay, then.
Okay, then.
You feel clever all of a sudden.
The orc warlord shoots a bolt.
The bolt hits you!!
You die...

.....#............#
..........[..#...##
........)[....#.##
.......)<>....###
.......)#[)..####
.......))[...##.##
.................##
..............o...#
.........[.)..#.@##
.........)#.######
.........[#[#.##
.#.............#
#.....#.....#.##
............###
#....##.##...#
###..##.#...##
###......#.##


You could see an orc warlord.

Vanquished Creatures
  The ghost of Kyahe the Fighter, a journeyman MiHu of Uskayaw (Lair:6)
  Fannar (D:10)
  A boulder beetle (D:11)
  2 hydras
  4 catoblepae
  2 two-headed ogres
  A deep troll shaman (Lair:6)
  12 death yaks
  Nergalle (D:10)
  A lindwurm (Lair:6)
  2 oklob plants
  2 orc sorcerers
  2 cyclopes (D:10)
  9 black mambas
  15 elephants
  2 torpor snails
  A gargoyle (D:10)
  10 cane toads
  9 komodo dragons
  8 rime drakes
  2 kobold demonologists
  A tengu conjurer (D:10)
  A burning bush (Lair:6)
  2 polar bears
  2 trolls
  A hornet (D:9)
  19 blink frogs
  A dream sheep (Lair:5)
  A shadow (D:11)
  Sigmund (D:5)
  A wyvern (Lair:4)
  35 yaks
  3 redbacks (Lair:3)
  3 basilisks
  A death yak simulacrum (Lair:6)
  A warg (Orc:2)
  3 hydra simulacra (Lair:6)
  An acid dragon (D:10)
  17 water moccasins
  24 orc warriors
  3 ice beasts
  A sky beast (D:7)
  4 black bears
  5 ogres
  A tengu (Lair:2)
  6 necrophages
  20 wolves
  2 centaurs
  4 black mamba simulacra (Lair:6)
  A phantom (D:4)
  2 kobold brigands
  3 gnoll sergeants
  3 bullfrogs
  2 water moccasin skeletons
  17 killer bees
  3 wights (D:7)
  9 electric eels
  A howler monkey (D:4)
  A vampire bat (D:5)
  A bullfrog zombie (D:6)
  4 centaur zombies
  A jelly (D:3)
  2 bullfrog skeletons (D:5)
  5 hounds
  18 orc priests
  A gnoll shaman (D:10)
  14 orc wizards
  A killer bee zombie (D:8)
  A howler monkey zombie (D:9)
  17 gnolls
  13 adders
  A shadow imp (D:7)
  4 white imps
  An ufetubus (D:6)
  2 adder skeletons (D:4)
  2 worms
  3 dart slugs (D:1)
  72 orcs
  5 ball pythons
  8 endoplasms
  3 giant cockroaches
  11 goblins
  11 hobgoblins
  4 jackals
  4 quokkas
  12 bats
  7 frilled lizards
  16 kobolds
  9 rats
547 creatures vanquished.

Vanquished Creatures (collateral kills)
  2 hydras
  2 elephants (Lair:4)
  A water moccasin (Lair:1)
  A necrophage (Lair:2)
6 creatures vanquished.

Vanquished Creatures (others)
  A hobgoblin (Bailey)
  44 fungi
  79 plants
124 creatures vanquished.

Grand Total: 677 creatures vanquished

Notes
Turn   | Place    | Note
-------+----------+-------------------------------------------
     0 | D:1      | SolCadguy the Gargoyle Earth Elementalist began the quest
                  | for the Orb.
     0 | D:1      | Reached XP level 1. HP: 10/10 MP: 3/3
   195 | D:1      | Reached skill level 4 in Earth Magic
   234 | D:1      | Reached XP level 2. HP: 15/15 MP: 3/5
   483 | D:1      | Learned a level 2 spell: Passwall
   528 | D:1      | Reached skill level 5 in Earth Magic
   528 | D:1      | Reached XP level 3. HP: 19/19 MP: 3/6
   653 | D:1      | Learned a level 3 spell: Stone Arrow
   795 | D:1      | Found a faded altar of an unknown god.
  1008 | D:2      | Found a shadowy altar of Dithmenos.
  1120 | D:2      | Reached XP level 4. HP: 21/24 MP: 7/7
  1392 | D:2      | Reached skill level 6 in Earth Magic
  1409 | D:2      | Reached skill level 1 in Staves
  1675 | D:2      | Reached skill level 1 in Conjurations
  2565 | D:3      | Reached XP level 5. HP: 28/28 MP: 8/8
  2568 | D:3      | Noticed a water moccasin
  2574 | D:3      | Killed a water moccasin
  3178 | D:3      | Reached XP level 6. HP: 32/32 MP: 6/9
  3636 | D:4      | Found a staircase to the Ecumenical Temple.
  3975 | D:4      | Reached XP level 7. HP: 36/36 MP: 6/10
  4634 | Temple   | Entered the Ecumenical Temple
  5103 | Temple   | Became a worshipper of Sif Muna the Loreminder
  5499 | D:5      | Entered Level 5 of the Dungeon
  5724 | D:5      | Reached skill level 7 in Earth Magic
  5724 | D:5      | Reached XP level 8. HP: 37/41 MP: 4/13
  5729 | D:5      | Learned a level 4 spell: Petrify
  5749 | D:5      | Reached skill level 5 in Staves
  5913 | D:5      | Noticed Sigmund
  6226 | D:5      | Reached skill level 1 in Fighting
  6427 | D:5      | Killed Sigmund
  6816 | D:6      | Found a glowing drain.
  6880 | D:6      | Reached * piety under Sif Muna
  6945 | Sewer    | Entered a sewer
  7263 | D:5      | Reached skill level 1 in Evocations
  7263 | D:5      | Reached XP level 9. HP: 36/51 MP: 3/16
  7532 | D:6      | Reached skill level 5 in Spellcasting
  7571 | D:6      | Reached skill level 1 in Transmutations
  7997 | D:6      | Reached ** piety under Sif Muna
  8756 | D:7      | Found a flagged portal.
  8792 | Bailey   | Entered a bailey
  9033 | Bailey   | Reached skill level 8 in Earth Magic
  9316 | Bailey   | Noticed an orc sorcerer
  9324 | Bailey   | Noticed a red devil
  9325 | Bailey   | Killed an orc sorcerer
  9326 | Bailey   | Reached XP level 10. HP: 56/56 MP: 1/17
  9476 | Bailey   | Found an iron altar of Okawaru.
  9478 | Bailey   | Noticed a kobold demonologist
  9511 | Bailey   | Killed a kobold demonologist
  9678 | Bailey   | Reached skill level 9 in Earth Magic
 10291 | D:7      | Reached *** piety under Sif Muna
 10447 | D:7      | Found Abon's Armour Shoppe.
 10455 | D:7      | Bought a +0 buckler for 58 gold pieces
 10756 | D:7      | Reached skill level 5 in Evocations
 10920 | D:7      | Reached skill level 1 in Shields
 11460 | D:8      | Noticed a two-headed ogre
 11463 | D:8      | Killed a two-headed ogre
 12335 | D:8      | Found a staircase to the Lair.
 12378 | D:9      | Reached skill level 10 in Earth Magic
 12498 | D:9      | Reached skill level 1 in Armour
 12542 | D:9      | Learned a level 1 spell: Animate Skeleton
 12587 | D:9      | Reached XP level 11. HP: 59/61 MP: 10/18
 12708 | D:9      | Identified the +8 spear "Miseom" {vorpal, Fragile Will+
                  | Str+3}
 13093 | D:9      | Found a radiant altar of Vehumet.
 13094 | D:9      | Found an iron altar of Okawaru.
 13277 | D:9      | Learned a level 2 spell: Blink
 13280 | D:9      | Learned a level 2 spell: Static Discharge
 13299 | D:10     | Entered Level 10 of the Dungeon
 13398 | D:10     | Reached **** piety under Sif Muna
 13403 | D:10     | Noticed a cyclops
 13507 | Lair:1   | Entered Level 1 of the Lair of Beasts
 14370 | Lair:2   | Noticed an eight-headed hydra
 14376 | Lair:2   | Killed an eight-headed hydra
 14377 | Lair:2   | Reached skill level 1 in Translocations
 14554 | Lair:2   | Reached skill level 5 in Invocations
 14879 | Lair:2   | Reached skill level 10 in Staves
 15166 | Lair:1   | Reached skill level 5 in Armour
 15601 | Lair:2   | Reached XP level 12. HP: 68/68 MP: 16/21
 15738 | Lair:2   | Reached skill level 5 in Fighting
 16069 | Lair:2   | Noticed Maggie
 16077 | Lair:2   | Noticed Maggie
 16077 | Lair:2   | Maggie changed into Maggie the tengu
 16081 | Lair:2   | Killed Maggie the tengu
 16586 | Lair:3   | Found a hole to the Spider Nest.
 16734 | Lair:3   | Noticed a catoblepas
 16744 | Lair:3   | Killed a catoblepas
 17081 | Lair:2   | Acquired the amulet "Zelyerpheu" {RegenMP Rampage Str+7
                  | Dex+3}
 17135 | Lair:3   | Found a staircase to the Shoals.
 17179 | Lair:3   | Found a runed translucent door.
 17180 | Lair:3   | Noticed Botribuof's ghost (journeyman GnFi)
 17180 | Lair:3   | Noticed a five-headed hydra
 17980 | Lair:4   | Identified the +0 pair of gloves of Eternal Vigilance {rN+}
 18384 | Lair:4   | Noticed a catoblepas
 18414 | Lair:4   | Killed a catoblepas
 18414 | Lair:4   | Reached ***** piety under Sif Muna
 18415 | Lair:4   | Reached skill level 5 in Conjurations
 18629 | Lair:4   | Found a runed translucent door.
 18630 | Lair:4   | Identified the +7 spear "Poneasug" {vorpal, rN+ Dex+3}
 18633 | Lair:4   | Noticed DocClef's ghost (journeyman MiBe)
 19094 | Lair:4   | Identified the +2 scale mail "Ydaemeho" {rF+ rC+++ Regen+
                  | Str-4}
 19398 | Lair:4   | Received a gift from Sif Muna
 19401 | Lair:4   | Got Sif Muna's Reference Book on the Mountains and
                  | Transformation {god gift}
 19409 | Lair:4   | Learned a level 5 spell: Lee's Rapid Deconstruction
 19920 | Lair:5   | Noticed a seven-headed hydra
 19920 | Lair:5   | Noticed a death yak
 19973 | Lair:4   | Reached skill level 1 in Necromancy
 20172 | Lair:4   | Reached XP level 13. HP: 43/78 MP: 11/23
 20706 | Lair:4   | Reached skill level 11 in Earth Magic
 21105 | Lair:5   | Found a sparkling altar of Nemelex Xobeh.
 21295 | Lair:5   | Found a staircase to the Slime Pits.
 21297 | Lair:5   | Found a viscous altar of Jiyva.
 21654 | Lair:6   | Entered Level 6 of the Lair of Beasts
 22301 | Lair:6   | Reached skill level 12 in Earth Magic
 23094 | Lair:6   | Gained mutation: Your large and strong wings let you fly.
                  | [Gargoyle growth]
 23094 | Lair:6   | Reached XP level 14. HP: 29/84 MP: 2/24
 23177 | Lair:6   | Reached skill level 13 in Earth Magic
 23504 | Lair:6   | Reached skill level 10 in Armour
 23620 | Lair:6   | Got the Incunabulum of Spatial Air
 23876 | Lair:6   | Learned a level 5 spell: Borgnjor's Vile Clutch
 23895 | Lair:6   | Received a gift from Sif Muna
 23907 | Lair:6   | Got Sif Muna's Catalogue of Attacks {god gift}
 24127 | Lair:6   | Found a runed translucent gate.
 24127 | Lair:6   | Found a runed translucent gate.
 24127 | Lair:6   | Found a runed translucent gate.
 24290 | Lair:6   | Noticed Kyahe's ghost (journeyman MiHu)
 25053 | Lair:6   | Killed Kyahe's ghost
 25641 | Lair:2   | Acquired 1093 gold pieces
 26064 | D:10     | Reached skill level 14 in Earth Magic
 26309 | D:10     | Noticed Nergalle
 26328 | D:10     | Killed Nergalle
 26882 | D:10     | Noticed Fannar
 26899 | D:10     | Killed Fannar
 28306 | D:11     | Found a staircase to the Orcish Mines.
 28486 | Orc:1    | Entered Level 1 of the Orcish Mines
 28798 | Orc:1    | Found Vaaphitz's General Store.
 28882 | Orc:2    | Entered Level 2 of the Orcish Mines
 28894 | Orc:2    | Noticed an orc warlord
 29015 | Orc:2    | Received a gift from Sif Muna
 29016 | Orc:2    | Reached XP level 15. HP: 37/88 MP: 9/25
 30854 | Orc:1    | Shot with a bolt by an orc warlord

Illustrated notes

Levels and vault maps discovered:
D:1:      minmay_arrival_jagged, layout_rooms, ebering_ecumenical_altar_hall,
          minmay_close_crescents
D:2:      layout_loops_ring, serial_rivers, chequers_serial_rivers_room_a,
          chequers_serial_rivers_small_b, chequers_serial_rivers_marsh,
          chequers_serial_rivers_micro_a, chequers_serial_rivers_small_3,
          chequers_serial_rivers_room_a, basic_altar
D:3:      layout_loops_ring, chequers_serial_rivers_large_b,
          minmay_tree_intersection, minmay_misc_feat_hallway,
          kennysheep_pointless_box, minmay_unequal
D:4:      layout_basic, minmay_temple_entry_sparse_star, serial_forest,
          infiniplex_forest_lined_2, infiniplex_forest_clump_tiny,
          infiniplex_forest_lined_2, infiniplex_forest_end_1,
          infiniplex_forest_clump_tiny, infiniplex_forest_end_1,
          infiniplex_forest_lined_2
D:5:      layout_basic, serial_bayou_pond_d, hangedman_decor_push, uniq_sigmund
D:6:      layout_basic, gup_sewer_entry_glass, roderic_batcave,
          minmay_stone_trees_large, lemuel_flame_loot_1
D:7:      layout_gridville, serial_shops, nicolae_shop_advertising_works
          [nicolae_subvault_shop_adworks], enter_bailey_5
D:8:      layout_rooms, david_lair_shrubbed, palyth_stone_intersect,
          chequers_serial_rivers_small_3
D:9:      layout_stronghold, mainiacjoe_overflow_catch_the_wave,
          eino_small_chamber_without_monster
D:10:     layout_roguey, minmay_chambers_of_fives, uniq_fannar, uniq_nergalle
D:11:     layout_loops_ring, erik_orc_2, minmay_misc_feat_secret_circle,
          david_defended_altar_orc
Temple:   mainiacjoe_temple_cubbyholes
Lair:1:   layout_long_grid, chequers_serial_rivers_small_3
Lair:2:   layout_cave_pods, roderic_carrion_pond, serial_bayou_shore_b,
          uniq_maggie
Lair:3:   layout_cave_pods, elwin_shoals_entry_rooms, spider_nest_entry_a,
          ebering_ghost_inner_flame, grunt_megastairs_1
Lair:4:   layout_hall_layers, ebering_ghost_funeral_grove, lemuel_old_faithful
Lair:5:   layout_cave_shapes, slime_altar_1, lemuel_oklob_altar
Lair:6:   grunt_lair_end_beastmaster, layout_cave_pods, gammafunk_ghost_icy,
          evilmike_ambush [evilmike_ambush_outer_basic,
          evilmike_ambush_inner_cross]
Orc:1:    layout_caves, serial_shops, shop_fountains
Orc:2:    grunt_orc_community_town_hall, layout_diamond_mine,
          grunt_orc_community_big_house_2, grunt_orc_community_big_house_2,
          grunt_orc_community_house_2, grunt_orc_community_house_2,
          grunt_orc_community_house_1, grunt_orc_community_house_2,
          serial_shops, shop_statue, nicolae_shop_overcharged_wands

Skill      XL: |  1  2  3  4  5  6  7  8  9 10 11 12 13 14 |
---------------+-------------------------------------------+-----
Earth Magic    | 4 5 6 7 8 10 12 14 | 14.5
Staves         | 1 3 4 6 8 9 10 11 | 11.4
Conjurations   | 1 3 4 6 |  6.0
Spellcasting   | 3 4 5 6 7 |  7.0
Fighting       | 3 4 8 |  8.2
Evocations     | 1 4 5 6 9 |  9.0
Transmutations | 2 |  2.0
Shields        | 3 |  3.1
Invocations    | 3 5 7 8 |  8.0
Armour         | 1 5 7 9 10 | 10.0
Translocations | 3 |  3.4
Necromancy     | 1 2 3 |  3.4
Dodging        | |  1.5
Stealth        | |  2.1

Action                   |  1- 3 |  4- 6 |  7- 9 | 10-12 | 13-15 || total
-------------------------+-------+-------+-------+-------+-------++-------
Melee: Unarmed           |    12 |       |       |       |       ||    12
       Quarterstaff      |    27 |    58 |   121 |       |       ||   206
       Staff             |       |       |   129 |   437 |   499 ||  1065
Throw: Dart              |       |       |       |    11 |    37 ||    48
 Cast: Sandblast         |    30 |    27 |    59 |   106 |    20 ||   242
       Stone Arrow       |     1 |     3 |    54 |   166 |    95 ||   319
       Animate Skeleton  |       |       |       |     9 |    15 ||    24
       Blink             |       |       |       |     4 |    21 ||    25
       Static Discharge  |       |       |       |     8 |     6 ||    14
       Lee's Rapid Decon |       |       |       |     2 |   122 ||   124
       Petrify           |       |       |       |       |    21 ||    21
       Borgnjor's Vile C |       |       |       |       |    14 ||    14
Invok: Channel Magic     |       |       |       |     1 |     7 ||     8
Evoke: Wand              |       |       |       |     5 |    16 ||    21
       Lightning rod     |       |       |       |     3 |     5 ||     8
  Use: Scroll            |       |       |     9 |    14 |     2 ||    25
       Potion            |       |       |     4 |     4 |     4 ||    12
 Stab: Sleeping          |       |     2 |       |     1 |       ||     3
       Invisible         |       |       |       |     5 |       ||     5
       Petrified         |       |       |       |       |    11 ||    11
       Petrifying        |       |       |       |       |     1 ||     1
Armor: Robe              |    13 |    15 |       |       |       ||    28
       Leather armour    |       |     8 |   135 |    37 |       ||   180
       Troll leather arm |       |       |       |    99 |       ||    99
       Swamp dragon scal |       |       |       |   126 |   303 ||   429
Dodge: Dodged            |    26 |    27 |   147 |   208 |   189 ||   597
Block: Buckler           |       |       |       |    79 |    99 ||   178
